Cogmind - Beta 17 *** ADVENTURER MODE // 2026.06.24 @ 16:18:04 Player: Ez Result: Destroyed by 9A-7JH(R) with Subdweller Machine Gun Performance ------------- Evolutions (0) 0 Regions Visited (2) 400 Robots Destroyed (28) 140 Value Destroyed (851) 851 Prototype IDs (14) 280 Alien Tech Used (0) 0 Bonus (0) 0 TOTAL SCORE: 1671 Bonus ------- None Cogmind --------- Core Integrity 0/250 Matter 177/300 Energy 100/100 System Corruption 0% Temperature Cool (0) Movement Rolling (130) Ox2 Location -10/Subcaves Parts ------- > --- POWER (1) -------- (None) > --- PROPULSION (2) --- Subdweller Monowheel Subdweller Monowheel > --- UTILITY (2+1) ---- High-capacity Storage Unit (+) Rainbow Chip > --- WEAPON (2) ------- Battle Cannon Ripper > --- INVENTORY (20) --- Makeshift Leg Small Storage Unit Structural Scanner Light Armor Plating Self-contained Transmogrifier Subdweller Beam Cannon Assault Rifle Makeshift Sword Peak State ------------ > --- POWER ------------ Ion Engine Light Nuclear Core > --- PROPULSION ------- Aluminum Leg Aluminum Leg Makeshift Leg > --- UTILITY ---------- Improved Heat Sink High-capacity Storage Unit Rainbow Chip > --- WEAPON ----------- Subdweller Beam Cannon Assault Rifle Makeshift Sword > --- INVENTORY -------- Small Storage Unit Light Armor Plating Light Armor Plating Self-contained Transmogrifier [Rating: 35] Favorites ----------- Power Light Nuclear Core Engine Ion Engine Power Core Light Nuclear Core Propulsion Aluminum Leg Leg Aluminum Leg Wheel Subdweller Monowheel Utility Rainbow Chip Device Improved Heat Sink Storage High-capacity Storage Unit Processor Rainbow Chip Protection Light Armor Plating Weapon Makeshift Sword Energy Cannon Subdweller Beam Cannon Ballistic Gun Assault Rifle Ballistic Cannon Slug Cannon Slashing Weapon Makeshift Sword Build | -11 -10 -10 ------- Run | Yrd Mat Sub Slots Evolved . | . . . Power . | . . . Propulsion . | . . . Utility . | . . . Weapon . | . . . Parts Attached 22 | 6 3 13 Power 2 | 1 1 . Engine 1 | 1 . . Core 1 | . 1 . Reactor . | . . . Propulsion 6 | 2 . 4 Treads . | . . . Leg 4 | 2 . 2 Wheel 2 | . . 2 Hover . | . . . Flight . | . . . Utility 6 | 1 1 4 Device 2 | . 1 1 Storage 2 | 1 . 1 Processor 1 | . . 1 Hackware . | . . . Protection 1 | . . 1 Artifact . | . . . Weapon 8 | 2 1 5 Energy Gun . | . . . Energy Cannon 1 | . . 1 Ballistic Gun 2 | 2 . . Ballistic Cannon 3 | . 1 2 Launcher . | . . . Special Weapon . | . . . Impact Weapon . | . . . Slashing Weapon 2 | . . 2 Piercing Weapon . | . . . Special Melee Weapon . | . . . Unidentified Prototypes . | . . . Parts Lost 9 | . . 9 Power 2 | . . 2 Propulsion 3 | . . 3 Utility 2 | . . 2 Weapon 2 | . . 2 Highest Loss Streak 2 | . . 2 To Critical Strikes . | . . . Average Backups 6 | . 2 7 Power . | . . . Propulsion . | . . . Utility 3 | . 1 3 Weapon 1 | . . 2 Tool/Special . | . . . Unused Backups 3 | . . 3 Power . | . . . Propulsion 1 | . . 1 Utility 1 | . . 1 Weapon . | . . . Tool/Special 1 | . . 1 Average Slot Usage (%) 91 | . 95 90 Engine 8 | . 10 8 Core 10 | . 3 11 Leg 16 | . 28 15 Wheel 1 | . . 1 Device 9 | . 10 9 Storage 11 | . 14 11 Processor 7 | . . 9 Ballistic Gun 5 | . 20 3 Ballistic Cannon 10 | . 7 10 Slashing Weapon 8 | . . 9 Peak Build Rating 35 | 6 9 35 Average Rating 25 | 4 7 28 On Entrance 5 | . 6 9 Avg Prop Armor Cover (%) 8 | . . 8 Naked Turns . | . . . Heaviest Build 67 | 14 16 67 Greatest Support 40 | 20 20 40 Greatest Overweight (x) 19 | 3 . 19 Average Overweight (x) 1 | . . 1 Largest Inventory Capacity 20 | 8 8 20 Average Capacity 16 | 7 8 18 Most Carried 9 | . 7 9 Average Carried 6 | . 2 7 Final Capacity 20 | 8 8 20 Final Carried 8 | . 7 8 Class Distribution -------------------- 100% | Mutant Dominant Class ---------------- Mutant | -10/Materials Mutant | -10/Subcaves Resources | -11 -10 -10 ----------- Run | Yrd Mat Sub Matter Collected 750 | . 386 364 Remotely . | . . . Salvage Created 875 | . 445 430 Parts 58 | . 21 37 Haulers Intercepted . | . . . Recyclers Shooed . | . . . Parts Field Recycled . | . . . Retrieved Matter . | . . . Parts Self-Destructed 11 | . . 11 Prevented . | . . . Parts Restored . | . . . Kills | -11 -10 -10 ------- Run | Yrd Mat Sub Combat Hostiles Destroyed 23 | . 7 16 Melee 5 | . . 5 Guns 2 | . 2 . Cannons 16 | . 5 11 Classes Destroyed 7 | . 4 3 Builder 1 | . 1 . Recycler 2 | . 2 . Watcher 2 | . 2 . Swarmer 4 | . . 4 Grunt 7 | . 7 . Sentry 1 | . . 1 Subdweller 11 | . . 11 Best Kill Streak 4 | . 4 4 Combat Bots Only 4 | . 3 4 Max Kills in Single Turn 1 | . 1 1 Gunslinging . | . . . Exploded . | . . . Melee 1 | . . 1 Uniques/NPCs Destroyed . | . . . Combat | -11 -10 -10 -------- Run | Yrd Mat Sub Hostile Shots Fired 133 | . 20 113 Missed 36 | . 8 28 Hits 97 | . 12 85 Projectile 97 | . 12 85 Critical Strikes 3 | . . 3 Damage Taken 1432 | . 140 1292 Core 254 | . 20 234 Absorbed by Shields . | . . . Ignored by Resistances 399 | . 41 358 Core Remaining (%) 100 | 100 . . Volleys Fired 94 | . 22 72 Largest 2 | . 2 1 Hottest 80 | . 40 80 Shots Fired 102 | . 30 72 Gun 16 | . 16 . Cannon 86 | . 14 72 Launcher . | . . . Special . | . . . Kinetic 99 | . 30 69 Thermal 3 | . . 3 Explosive . | . . . Electromagnetic . | . . . Robot Hit Streak 16 | . 9 16 Robot Miss Streak 1 | . 1 1 Penetration Max . | . . . Secondary Targets . | . . . Shots Hit Robots 84 | . 24 60 Core Hits 38 | . 17 21 Critical Kills 1 | . 1 . Critical Parts Destroyed . | . . . Critical Strikes 4 | . 1 3 Destroy 1 | . 1 . Blast 2 | . . 2 Sever 1 | . . 1 Melee Attacks 30 | . . 30 Impact . | . . . Slashing 30 | . . 30 Piercing . | . . . Sneak Attacks . | . . . Combat Hostiles . | . . . Follow-up Attacks . | . . . Damage Inflicted 1863 | . 410 1453 Guns 170 | . 170 . Cannons 1045 | . 227 818 Explosions . | . . . Melee 635 | . . 635 Ramming 13 | . 13 . Kinetic 1186 | . 397 789 Thermal 29 | . . 29 Explosive . | . . . Electromagnetic . | . . . Impact . | . . . Slashing 635 | . . 635 Piercing . | . . . Highest Corruption . | . . . Average Corruption . | . . . Corruption Purged . | . . . Corruption Blocked . | . . . Overload Shots . | . . . Overflow Damage 11 | . . 11 Projectiles 11 | . . 11 Explosions . | . . . Melee . | . . . Knockbacks 6 | . 1 5 Impact . | . . . Kinetic 6 | . 1 5 Secondary . | . . . Self-Inflicted Damage . | . . . Shots . | . . . Rammed . | . . . Targets Rammed 2 | . 2 . Kicked 2 | . 2 . Crushed . | . . . Highest Temperature 19 | . 19 . Average Temperature 8 | . 8 . Received Heat Transfer 333 | . 90 243 Siege Activations . | . . . Martial Activations . | . . . Shielding Activations . | . . . Robots Disrupted . | . . . Combat Hostiles . | . . . Robots Corrupted . | . . . Combat Hostiles . | . . . Parts Fried . | . . . Impact Corruptions . | . . . Robots Melted . | . . . Combat Hostiles . | . . . Parts Melted . | . . . Heat Transferred 37 | . . 37 Parts Sabotaged . | . . . Parts Stolen . | . . . Parts Stripped . | . . . Power Chain Reactions . | . . . Alert | -11 -10 -10 ------- Run | Yrd Mat Sub Maximum Alert Level . | . . . Low Security (%) 100 | 100 100 . Level 1 . | . . . Level 2 . | . . . Level 3 . | . . . Level 4 . | . . . Level 5 . | . . . High Security . | . . . Max Security . | . . . Peak Influence 120 | . 120 . Initial . | . . . Average 24 | . 26 . Influence Increases 363 | . 253 110 Destroy 0b10 Robot/C 240 | . 140 100 Destroy 0b10 Robot/NC 25 | . 25 . Destroy Leader 44 | . 34 10 Successful Hack 9 | . 9 . Lose Combat Pursuer 45 | . 45 . Influence Decreases 363 | . 194 169 Entered New Map 33 | . . 33 Time Decay 320 | . 194 126 Lost Part 10 | . . 10 Squads Dispatched . | . . . Investigation . | . . . Extermination . | . . . Reinforcement . | . . . Assault . | . . . Garrison . | . . . Intercept . | . . . Searches Triggered . | . . . Construction Impeded . | . . . Haulers Reinforced . | . . . Active Scanning Responses . | . . . Cargo Convoy Interrupts . | . . . Stealth | -11 -10 -10 --------- Run | Yrd Mat Sub Distress Signals . | . . . Communications Jammed . | . . . Distress Signals . | . . . Times Spotted 28 | . 10 18 Peak Tracking Total 4 | . 4 3 Tactical Retreats 1 | . 1 . Traps | -11 -10 -10 ------- Run | Yrd Mat Sub Traps Triggered 3 | . 1 2 Indirectly . | . . . Trap Hack Attempts . | . . . Triggered . | . . . Disarmed . | . . . Reprogrammed . | . . . Reused . | . . . Traps Extracted . | . . . Installed . | . . . Triggered . | . . . Machines | -11 -10 -10 ---------- Run | Yrd Mat Sub Machines Disabled 1 | . . 1 Max in Single Turn 1 | . . 1 Machines Repaired . | . . . Machines Dismantled . | . . . Machines Sabotaged . | . . . Overloaded Fab Kills . | . . . Hacking | -11 -10 -10 --------- Run | Yrd Mat Sub Machines Accessed 5 | . 3 2 Terminals 3 | . 3 . Fabricators . | . . . Repair Stations . | . . . Recycling Units . | . . . Scanalyzers . | . . . Garrison Access . | . . . Total Hacks 16 | . 6 10 Successful 12 | . 2 10 Failed 4 | . 4 . Catastrophic 2 | . 2 . Database Lockouts . | . . . Manual 6 | . 6 . Terminals 6 | . 6 . Fabricators . | . . . Repair Stations . | . . . Recycling Units . | . . . Scanalyzers . | . . . Garrison Access . | . . . Terminal Hacks 10 | . . 10 Record 9 | . . 9 Proto ID Catalog 1 | . . 1 Fabricator Hacks . | . . . Repair Station Hacks . | . . . Recycling Unit Hacks . | . . . Scanalyzer . | . . . Garrison Access Hacks . | . . . Unauthorized Hacks 2 | . 2 . Terminals 2 | . 2 . Assimilate 1 | . 1 . Botnet 1 | . 1 . Fabricators . | . . . Repair Stations . | . . . Recycling Units . | . . . Scanalyzers . | . . . Garrison Access . | . . . Data Cores Recovered . | . . . Used . | . . . Hacking Detections 1 | . 1 . Full Trace Events . | . . . Feedback Events . | . . . Feedback Blocked . | . . . Robot Schematics Acquired . | . . . Robots Built . | . . . Authchips . | . . . Time . | . . . Total Robot Build Rating . | . . . Part Schematics Acquired . | . . . Parts Built . | . . . Authchips . | . . . Time . | . . . Total Part Build Rating . | . . . Part Studies Acquired . | . . . Parts Repaired . | . . . Time . | . . . Parts Recycled . | . . . Recycled Matter . | . . . Retrieved Matter . | . . . Retrieved Components . | . . . Parts Scanalyzed . | . . . Part Schematics Acquired . | . . . Parts Damaged . | . . . Bothacking | -11 -10 -10 ------------ Run | Yrd Mat Sub Used RIF Installer . | . . . Robots Hacked . | . . . Non-combat . | . . . Combat . | . . . Robot Hacks Applied . | . . . Relay Couplers Released . | . . . Fabnet Peak Effective % . | . . . Robots Rewired . | . . . Allies Hacked . | . . . Hacks Repelled . | . . . Allies | -11 -10 -10 -------- Run | Yrd Mat Sub Total Allies . | . . . Largest Group . | . . . Highest-Rated Group . | . . . Highest-Rated Ally . | . . . Total Orders . | . . . Ally Attacks . | . . . Total Damage . | . . . Kills . | . . . Allies Corrupted . | . . . Allies Melted . | . . . Intel | -11 -10 -10 ------- Run | Yrd Mat Sub Active Infowar (turns) 1305 | . 572 733 Structural 1305 | . 572 733 Robot Analysis Total . | . . . Derelict Logs Recovered 2 | . . 2 Drone Launches . | . . . Drone Recoveries . | . . . Exploration | -11 -10 -10 ------------- Run | Yrd Mat Sub Turns Passed 6050 | 63 786 5201 Spaces Moved 2560 | 43 543 1974 Core 16 | 15 . 1 Treads . | . . . Legs 2230 | 28 543 1659 Wheels 314 | . . 314 Hover . | . . . Flight . | . . . Fastest Speed 50 | 50 120 120 Average Speed 213 | 126 120 240 Slowest Speed 1000 | 200 120 1000 Overloaded Moves . | . . . Propulsion Burnouts . | . . . Robots Hopped . | . . . Potential Cave-ins . | . . . Cave-ins Triggered . | . . . Exploration Rate (%) 49 | 3 67 78 Regions Visited 2 Branch Regions 1 Pre-discovered Areas 1 | . . 1 Known Exits Taken . | . . . Unknown Exits Taken 2 | 1 1 . Scrap Searched 5 | . . 5 Spaces Dug 5 | . . 5 Terrain Destroyed 21 | . . 21 Melee 1 | . . 1 Projectile 20 | . . 20 AOE . | . . . Terrain Rammed . | . . . Walls Destroyed . | . . . Machines Disabled . | . . . Actions | -11 -10 -10 --------- Run | Yrd Mat Sub Total 3018 | 48 646 2324 Wait 272 | . 70 202 Move 2558 | 42 542 1974 Hop . | . . . Pick Up 16 | . 6 10 Fast Attach 10 | 6 1 3 Attach 17 | . 1 16 Detach 10 | . 1 9 Swap 3 | . 1 2 Drop 6 | . . 6 Fire 94 | . 22 72 Melee 30 | . . 30 Ram . | . . . Kick 2 | . 2 . Crush . | . . . Escape Stasis . | . . . Rewire . | . . . Trap . | . . . Miscellaneous . | . . . Route ------- -11/Scrapyard -10/Materials (discovered 3 exits: [*Mat x2] / *Sub) -10/Subcaves (discovered 1 exit: [*Mat]) History --------- Turn | Location | Event 14 | -11/Scrapyard | Discovered new exit (range 15) 64 | -11/Scrapyard | Entered Materials 318 | -10/Materials | Build established: Mutant 336 | -10/Materials | Discovered new exit (range 8) 728 | -10/Materials | Discovered new exit (range 13) 756 | -10/Materials | Discovered new exit (range 10) 850 | -10/Materials | Entered Subcaves 1276 | -10/Subcaves | Core integrity fell below 50% 1603 | -10/Subcaves | Visited 4L-MR0's lab 1617 | -10/Subcaves | Found Prototype Device 1650 | -10/Subcaves | Found Rainbow Chip 1653 | -10/Subcaves | Attached Rainbow Chip, gained temporary slots: Power, Propulsion, Utility, Weapon 2491 | -10/Subcaves | Shifting Twisted Machinery released Slug Cannon 2619 | -10/Subcaves | Ambushed by Subdweller buried in earth 2653 | -10/Subcaves | Ambushed by Subdweller buried in earth 2918 | -10/Subcaves | Shifting Twisted Machinery released Sub. Beam Cannon 5077 | -10/Subcaves | Core integrity fell below 20% 5161 | -10/Subcaves | Learned Materials interactive machine intel 5926 | -10/Subcaves | Shifting Twisted Machinery released Riot Gun 5933 | -10/Subcaves | Discovered new exit (range 13) 5972 | -10/Subcaves | Visited Clippyterm 5976 | -10/Subcaves | Learned Research security intel 5976 | -10/Subcaves | Learned Factory garrison access intel 6051 | -10/Subcaves | Destroyed by 9A-7JH(R) with Subdweller Machine Gun Last Messages --------------- >>Record! "0b10 Defenses" It looks like you're afraid of guards, would you like help? Data stored: Research security intel. >>Record! "Tag" It looks like you don't want to be "it," would you like help? Data stored: Factory garrison access intel. >>Record! "Early Bird" It looks like you're searching for a worm, right? Don't bother with early when it comes to the Lifeworm, it's never early, but by some measures it might be just in time... >>Record! "01-MTF" It looks like you're after the notorious thief from 0b1. I don't know where they are, but my data indicates that someone they're looking for is frequently seen in Scraptown. Lgt. Nuclear Core destroyed. Sub. Monowheel shoots sparks and powers down. Map ----- +----------------------------------------------------+ | ?????????????????????????????????????????????????? | | ?????????????????????????????????????????????????? | | ?????????????????????????????????????????????????? | | ?????????????????????????????????????????????????? | | ?????????????????????????????????????????????????? | | ?????????????????????????????????????????????????? | | ?????????????????????????????????????????????????? | | ?????????????????????????????????????????????????? | | ?????????????????????????????????????????????????? | | ????????????? ???????????????#######????????????? | | ????????????? ?? ???????????#"""""#????????????? | | ????????????? ## ?????????#""X""#????????????? | | ??????? ????? #?????????#" "#????????????? | | ??????? ???? #?????????### ###????????????? | | ??????? ??? ##?????????## ###???????###??? | | ???????"" ??? #???????### #???????# #### | | ??????""" ? ???????## ###?????# # | | ?????"""" ?? [ ???????## ##??### | | ??????""" #?# =#???????# #### | | ??????? ## #???????### < | | ????????? ##????????### # # | | ?????????? ##?######## ####### # | | ??????????? #?# ##?????# ## | | ????????????# ### # ###??????####? | | ????????????# #?[ ## # ##????????????? | | ???????????## = #?? ## @ #?????????????? | | ??????????## #### ####R # ##????????????? | | ??????????# =## R #????????????? | | ??????????# #????????????? | | ??????????# #????????????? | | ??????????# #! ## # ########????????????? | | ???????# ## ##########???????????????????? | | ???????### ## ##????????????????????????????? | | ?????????##### #####?????????????????????????????? | | ?????????????###?????????????????????????????????? | | ?????????????????????????????????????????????????? | | ?????????????????????????????????????????????????? | | ?????????????????????????????????????????????????? | | ?????????????????????????????????????????????????? | | ?????????????????????????????????????????????????? | | ?????????????????????????????????????????????????? | | ?????????????????????????????????????????????????? | | ?????????????????????????????????????????????????? | | ?????????????????????????????????????????????????? | | ?????????????????????????????????????????????????? | | ?????????????????????????????????????????????????? | | ?????????????????????????????????????????????????? | | ?????????????????????????????????????????????????? | | ??????########???????????????????????????????????? | | ??????# ####????????????????????????????????? | +----------------------------------------------------+ Best States ------------- Heat Dissipation 39 Energy Generation 19 Energy Capacity 310 Matter Stores 300 Matter Capacity 300 Sight Range 16 Terrain Scan Density 10 Armor Coverage 150 Resistance: KI 20 Resistance: TH 20 Resistance: EX 20 Resistance: EM 20 Resistance: I 20 Resistance: S 20 Resistance: P 20 Evasion (%) 55 Offensive Hacking 10 Item Schematics ----------------- None Robot Schematics ------------------ None Fabricated ------------ Nothing Repaired ---------- Nothing Studied --------- None Alien Tech Used ----------------- None Achievements -------------- Do Not Disturb Mistaken Identity Challenges ------------ None Game ------ Seed SingularityAlphaFlakker Manual? 0 Play Time 00:35:55 Cumulative 42.9 hours Start 2026.06.24 @ 15:40:59 End 2026.06.24 @ 16:18:04 Sessions 1 Manual Loads 0 Difficulty Adventurer Special Mode None Game No. 105 Rogue 95 Adventurer 10 Explorer 0 Win Type - Total 0 Types 0/0/0/0/0/0/0/0/0/0 Lore% 9 Gallery% 23 Achievement% 20 Wizard Run 0 Options --------- Layout 1 ASCII 0 Keyboard 1 Movement Numpad Keybinds 0 Fullscreen 2 Font 32/SmallcapsGlow Map View 50x35 Zoom Use 0% Tactical HUD 0 Map Filters NONE Filters NONE Steam 1 RUN: 21a3ca23-cd3b-48e0-9fd1-33e1820039a1